 Dungeon Crawl Stone Soup version 0.26.1-11-gd32895ea62 (webtiles) character file.

Game seed: 2876882400845654141

225 CaptDreibein the Slasher (level 5, 0/39 HPs)
             Began as a Demonspawn Gladiator on June 7, 2021.
             Slain by a gnoll
             ... wielding a cursed -1 flail
              (10 damage)
             ... on level 3 of the Dungeon on June 13, 2021.
             The game lasted 00:10:23 (4042 turns).

CaptDreibein the Slasher (Demonspawn Gladiator)     Turns: 4042, Time: 00:10:23

Health: 0/39       AC:  3    Str: 15    XL:     5   Next: 68%
Magic:  0/5        EV: 13    Int: 10    God:
Gold:   58         SH:  0    Dex: 14    Spells: 4/4 levels left

rFire    . . .     SeeInvis .   a - +0 long sword
rCold    . . .     Faith    .   (no shield)
rNeg     . . .     Spirit   +   b - +0 leather armour
rPois    .         Reflect  .   (helmet restricted)
rElec    .         Harm     .   (no cloak)
rCorr    .         Rampage  .   (no gloves)
Will     .....                  (no boots)
Stlth    +.........             (no amulet)
HPRegen  0.13/turn              (no ring)
MPRegen  0.09/turn              (no ring)

@: no status effects
A: horns 1, powered by pain 2, magic shield
a: no special abilities


You were on level 3 of the Dungeon.
You visited 1 branch of the dungeon, and saw 3 of its levels.

You collected 148 gold pieces.
You spent 90 gold pieces at shops.

Inventory:

Hand Weapons
 a - a +0 long sword (weapon)
Missiles
 d - 4 throwing nets (quivered)
Armour
 b - a +0 leather armour (worn)
 c - a +0 helmet
Jewellery
 o - a cursed -4 ring of evasion {unknown}
Scrolls
 e - 2 scrolls of enchant weapon {unknown}
 h - 3 scrolls of identify {unknown}
 i - 2 scrolls of amnesia {unknown}
 l - a scroll of enchant armour {unknown}
 n - a scroll of remove curse {unknown}
Potions
 f - 3 potions of berserk rage {unknown}
 g - a potion of flight {unknown}
 j - 2 potions of cancellation {unknown}
 k - 2 potions of curing
 m - 2 potions of haste {unknown}


   Skills:
 + Level 2.6 Fighting
 + Level 4.5 Long Blades
 + Level 1.8 Throwing
 + Level 1.8 Armour
 + Level 3.4 Dodging
 + Level 0.5 Stealth


You had 4 spell levels left.
You didn't know any spells.
Your spell library contained the following spells:

 Spells                   Type           Power        Failure   Level
 Corona                   Hex            0%           43%         1
 Ensorcelled Hibernation  Hex/Ice        0%           56%         2
 Confusing Touch          Hex            0%           80%         3
 Dazzling Flash           Conj/Hex       0%           80%         3
 Tukima's Dance           Hex            0%           80%         3


Dungeon Overview and Level Annotations

Branches:
Dungeon (3/15)

Altars:
Ashenzari
Elyvilon
Fedhas
Okawaru
Trog
Xom
Zin


Innate Abilities, Weirdness & Mutations

You have a pair of small horns on your head.
You sometimes gain power by taking damage.
When hurt, damage is shared between your health and your magic reserves.


Message History

* * * LOW HITPOINT WARNING * * *
A gnoll comes into view. It is wielding a -1 flail.
You see here a +0 club.
The gnoll completely misses you.
You riposte.
You hit the gnoll but do no damage.
The gnoll is lightly wounded.
The gnoll barely misses you.
You riposte.
You slash the gnoll!
The gnoll is severely wounded.
The gnoll closely misses you.
You riposte.
You slash the gnoll!
You kill the gnoll!
You closely miss the gnoll. The gnoll hits you.
You hit the gnoll.
The gnoll is heavily wounded.
The gnoll barely misses you.
You hit the gnoll.
The gnoll is severely wounded.
The gnoll hits you.
* * * LOW HITPOINT WARNING * * *
The gnoll hits you with a cursed -1 flail!
You die...

###..#.#.....#
...†.........# #########
##..)###....## #.......##
#..........####........#
######.##..#......†.....#
.....####.#.#####..######
._.§......#.#####..#
.....###.........g.########
######..........@g.........
###.########.#####.########
....# #.# #.########.#
##### #.# #..)g)).?..# ###
#.# #.#####....... ..## #.#
#.# #.##### ...## #.. ..#
... ∩...# ### .### .##
....# .. ..


You could see 2 gnolls.

Vanquished Creatures
  An orc priest (D:2)
  Robin (D:2)
  4 adders
  2 gnolls (D:3)
  An ooze (D:3)
  2 worms (D:2)
  4 dart slugs
  2 leopard geckos
  7 orcs
  4 giant cockroaches
  21 goblins
  11 hobgoblins
  3 jackals (D:2)
  12 kobolds
  A ball python (D:1)
  8 bats
  5 frilled lizards
  13 rats
102 creatures vanquished.

Notes
Turn   | Place    | Note
-------+----------+-------------------------------------------
     0 | D:1      | CaptDreibein the Demonspawn Gladiator began the quest for
                  | the Orb.
     0 | D:1      | Reached XP level 1. HP: 16/16 MP: 1/1
   348 | D:1      | Gained mutation: When hurt, damage is shared between your
                  | health and your magic reserves. [demonic ancestry]
   348 | D:1      | Reached XP level 2. HP: 9/22 MP: 2/2
   353 | D:1      | Reached skill level 3 in Long Blades
   790 | D:1      | Gained mutation: You have a pair of small horns on your
                  | head. [demonic ancestry]
   790 | D:1      | Reached XP level 3. HP: 17/27 MP: 1/3
  1483 | D:2      | Reached skill level 1 in Armour
  1874 | D:2      | Found a shimmering altar of Xom.
  2020 | D:2      | Noticed Robin
  2041 | D:2      | Gained mutation: You sometimes gain a little power by
                  | taking damage. [demonic ancestry]
  2041 | D:2      | Reached XP level 4. HP: 24/33 MP: 2/4
  2044 | D:2      | Killed Robin
  2267 | D:2      | Found a blossoming altar of Fedhas.
  2268 | D:2      | Found a broken altar of Ashenzari.
  2622 | D:2      | Reached skill level 4 in Long Blades
  3136 | D:3      | Found a white marble altar of Elyvilon.
  3312 | D:3      | Gained mutation: You sometimes gain power by taking damage.
                  | [demonic ancestry]
  3312 | D:3      | Reached XP level 5. HP: 39/39 MP: 5/5
  3722 | D:3      | Found Zin's Purification Station.
  3723 | D:3      | Found a glowing silver altar of Zin.
  3731 | D:3      | Bought a potion of curing for 90 gold pieces
  3911 | D:3      | Found an iron altar of Okawaru.
  3945 | D:3      | Found a bloodstained altar of Trog.
  4042 | D:3      | Slain by a gnoll

Illustrated notes

Levels and vault maps discovered:
D:1:      minmay_arrival_pointy, layout_basic, grunt_decor_fettered,
          kennysheep_decorative_pillar, minmay_misc_feat_tower
D:2:      layout_loops_ring, gammafunk_temple_overflow_pools,
          lemuel_doored_altar, st_stairs_7, minmay_box_of_dots, uniq_robin
D:3:      layout_loops_ring, lemuel_crystal_altar, zin_purify,
          general_overflow_altar, riverfiend_overflow_shadow_ancestor, trog_book

Skill      XL: |  1  2  3  4 |
---------------+-------------+-----
Long Blades    | 3 4 |  4.5
Dodging        | 3 |  3.4
Armour         | 1 |  1.8
Fighting       | |  2.6
Throwing       | |  1.8
Stealth        | |  0.5

Action                   |  1- 3 |  4- 6 || total
-------------------------+-------+-------++-------
Melee: Long sword        |   127 |   129 ||   256
       Headbutt          |     5 |    30 ||    35
 Stab: Sleeping          |     1 |     1 ||     2
Armor: Leather armour    |    32 |    21 ||    53
Dodge: Dodged            |    85 |   109 ||   194
       Rpst.: Long sword |    29 |    31 ||    60
